TOP OF THE 1ST |
South Bend Cubs batting - Pitching for Great Lakes Loons : RHP Pat Matera
|
Pitching: RHP Pat Matera
|
|
Batting: RHB Andy Huntley
|
0-0: Ball 1-0: Ball 2-0: Foul Ball, location: 2F 2-1: Foul Ball, location: 2F 2-2: Strikes out swinging
|
Batting: RHB Taylor Garofalo
|
0-0: Ball 1-0: Swinging Strike 1-1: Ball 2-1: Ground out 2-3 (Groundball, 13S, EV 70.0 MPH)
|
Batting: LHB Kwang-chih Men
|
0-0: SINGLE (Groundball, 34D, EV 104.4 MPH) (infield hit)
|
Batting: RHB Roy Battist
|
0-0: Swinging Strike 0-1: Called Strike 0-2: Strikes out swinging
|
Top of the 1st over - 0 runs, 1 hit, 0 errors, 1 left on base; South Bend 0 - Great Lakes 0 |
BOTTOM OF THE 1ST |
Great Lakes Loons batting - Pitching for South Bend Cubs : RHP Roberto Cruz
|
Pitching: RHP Roberto Cruz
|
|
Batting: LHB Nate Kee
|
0-0: Ball 1-0: Ball 2-0: Ball 3-0: Base on Balls
|
Batting: LHB Tore Bosch
|
0-0: Ball 1-0: Ball 2-0: Foul Ball, location: 2F 2-1: SINGLE (Groundball, 4M, EV 95.6 MPH) Nate Kee to second Runner from 2nd tries for 3rd, SAFE, throw by CF made to third
|
Batting: LHB Jesus Ramirez
|
0-0: Ball 1-0: Called Strike 1-1: Ball 2-1: Ball 3-1: Base on Balls Tore Bosch to second
|
Batting: SHB Xavier Alaniz
|
0-0: Ball 1-0: Foul Ball, location: 2F 1-1: Ball 2-1: SINGLE (Flyball, 6D, EV 97.5 MPH) Nate Kee scores Tore Bosch to third Jesus Ramirez to second
|
Batting: RHB Steve Clark
|
0-0: Called Strike 0-1: Ball 1-1: Ball 2-1: SINGLE (Groundball, 6MD, EV 111.2 MPH) Tore Bosch scores Jesus Ramirez to third Xavier Alaniz to second Runner from 3rd tries for Home, SAFE, throw by CF to home
|
Batting: RHB Jason Baldwin
|
0-0: Foul Ball, location: 2F 0-1: Ball 1-1: Ball 2-1: Fielders Choice at 2nd, 6-4 (Groundball, 6, EV 90.6 MPH) Xavier Alaniz to third
|
Batting: RHB Ruben Serrata
|
0-0: Fielders Choice at 2nd, 5-4 (Groundball, 56S, EV 84.4 MPH) Xavier Alaniz scores
|
Batting: RHB Trevor Conklin
|
0-0: Swinging Strike Ruben Serrata steals 2nd base (no throw) 0-1: Ball 1-1: Ball 2-1: Ground out 3-1 (Groundball, 34, EV 90.0 MPH)
|
Bottom of the 1st over - 4 runs, 3 hits, 0 errors, 1 left on base; South Bend 0 - Great Lakes 4 |
TOP OF THE 2ND |
South Bend Cubs batting - Pitching for Great Lakes Loons : RHP Pat Matera
|
Batting: RHB Han-seung Hah
|
0-0: Swinging Strike 0-1: Foul Ball, location: 2F 0-2: Strikes out looking
|
Batting: RHB Juan Bonilla
|
0-0: Swinging Strike 0-1: Hit by Pitch
|
Batting: RHB Dylan Burke
|
0-0: Called Strike 0-1: Called Strike 0-2: Ball 1-2: Foul Ball, location: 2F 1-2: Ball 2-2: Ball 3-2: Base on Balls Juan Bonilla to second
|
Batting: RHB Ryan Bush
|
0-0: SINGLE (Groundball, 34D, EV 100.0 MPH) Juan Bonilla to third Dylan Burke to second
|
Batting: RHB Hugo Torrez
|
0-0: Called Strike 0-1: Foul Ball, location: 2F 0-2: Ball 1-2: Foul Ball, location: 2F 1-2: Strikes out swinging
|
Batting: RHB Andy Huntley
|
0-0: Called Strike 0-1: Foul Ball, location: 2F 0-2: Ball 1-2: Fly out, F7 (Flyball, 7, EV 96.9 MPH)
|
Top of the 2nd over - 0 runs, 1 hit, 0 errors, 3 left on base; South Bend 0 - Great Lakes 4 |
BOTTOM OF THE 2ND |
Great Lakes Loons batting - Pitching for South Bend Cubs : RHP Roberto Cruz
|
Batting: LHB Cory Bowler
|
0-0: Ball 1-0: Ball 2-0: Called Strike 2-1: Ball 3-1: Base on Balls
|
Batting: LHB Nate Kee
|
0-0: Called Strike 0-1: Called Strike Cory Bowler is caught stealing 2nd base 2-6 0-2: Ball 1-2: SOLO HOME RUN (Flyball, 89XD, EV 98.1 MPH), Distance : 408 ft
|
Batting: LHB Tore Bosch
|
0-0: Ball 1-0: Swinging Strike 1-1: Ball 2-1: Ball 3-1: Foul Ball, location: 2F 3-2: Base on Balls
|
Batting: LHB Jesus Ramirez
|
0-0: Ball 1-0: Ball 2-0: Fly out, F8 (Line Drive, 78D, EV 93.8 MPH)
|
Batting: SHB Xavier Alaniz
|
0-0: Ball 1-0: Foul Ball, location: 2F 1-1: Swinging Strike 1-2: Fly out, F7 (Flyball, 7D, EV 99.4 MPH)
|
Bottom of the 2nd over - 1 run, 1 hit, 0 errors, 1 left on base; South Bend 0 - Great Lakes 5 |
TOP OF THE 3RD |
South Bend Cubs batting - Pitching for Great Lakes Loons : RHP Pat Matera
|
Batting: RHB Taylor Garofalo
|
0-0: Ball 1-0: Ground out 2-3 (Groundball, 13S, EV 73.1 MPH)
|
Batting: LHB Kwang-chih Men
|
0-0: Reached on error, E5 (Groundball, 56, EV 104.4 MPH)
|
Batting: RHB Roy Battist
|
0-0: Ball 1-0: Swinging Strike 1-1: Ball 2-1: Called Strike 2-2: Strikes out swinging
|
Batting: RHB Han-seung Hah
|
0-0: Ball 1-0: Called Strike 1-1: DOUBLE (Groundball, 5L, EV 102.5 MPH) Kwang-chih Men scores
|
Batting: RHB Juan Bonilla
|
0-0: Called Strike 0-1: Ball 1-1: Called Strike 1-2: Ball 2-2: Foul Ball, location: 2F 2-2: Ball 3-2: SINGLE (Groundball, 6D, EV 96.9 MPH) Han-seung Hah to third Runner from 3rd tries for Home, SAFE, throw by LF to home
|
Batting: RHB Dylan Burke
|
0-0: Called Strike 0-1: Swinging Strike 0-2: Strikes out swinging
|
Top of the 3rd over - 2 runs, 2 hits, 1 error, 1 left on base; South Bend 2 - Great Lakes 5 |
BOTTOM OF THE 3RD |
Great Lakes Loons batting - Pitching for South Bend Cubs : RHP Roberto Cruz
|
Batting: RHB Steve Clark
|
0-0: Ball 1-0: Called Strike 1-1: Swinging Strike 1-2: Strikes out swinging
|
Batting: RHB Jason Baldwin
|
0-0: Called Strike 0-1: Ball 1-1: Ball 2-1: Swinging Strike 2-2: Strikes out looking
|
Pitching: RHP Velimir Sljivancanin
|
|
Batting: RHB Ruben Serrata
|
0-0: Called Strike 0-1: SINGLE (Groundball, 13S, EV 76.9 MPH) (infield hit)
|
Batting: RHB Trevor Conklin
|
0-0: Ball 1-0: Ball 2-0: Called Strike 2-1: Called Strike 2-2: Ball 3-2: Fly out, F7 (Line Drive, 78D, EV 95.0 MPH)
|
Bottom of the 3rd over - 0 runs, 1 hit, 0 errors, 1 left on base; South Bend 2 - Great Lakes 5 |
TOP OF THE 4TH |
South Bend Cubs batting - Pitching for Great Lakes Loons : RHP Pat Matera
|
Batting: RHB Ryan Bush
|
0-0: Called Strike 0-1: Called Strike 0-2: Foul Ball, location: 2F 0-2: Foul Ball, location: 2F 0-2: Ball 1-2: Foul Ball, location: 2F 1-2: Strikes out swinging
|
Batting: RHB Hugo Torrez
|
0-0: Ball 1-0: Ball 2-0: Called Strike 2-1: Foul Ball, location: 2F 2-2: Strikes out swinging
|
Batting: RHB Andy Huntley
|
0-0: SINGLE (Groundball, 6MD, EV 95.0 MPH)
|
Batting: RHB Taylor Garofalo
|
Pickoff Play to 1st, Runner tries for 2nd, OUT after rundown.
|
Top of the 4th over - 0 runs, 1 hit, 0 errors, 0 left on base; South Bend 2 - Great Lakes 5 |
BOTTOM OF THE 4TH |
Great Lakes Loons batting - Pitching for South Bend Cubs : RHP Velimir Sljivancanin
|
Batting: LHB Cory Bowler
|
0-0: Foul Ball, location: 2F 0-1: Fly out, F7 (Flyball, 78M, EV 91.9 MPH)
|
Batting: LHB Nate Kee
|
0-0: Ball 1-0: Foul Ball, location: 2F 1-1: Swinging Strike 1-2: Strikes out swinging
|
Batting: LHB Tore Bosch
|
0-0: Foul Ball, location: 2F 0-1: Swinging Strike 0-2: Ball 1-2: Ball 2-2: Foul Ball, location: 2F 2-2: Strikes out looking
|
Bottom of the 4th over - 0 runs, 0 hits, 0 errors, 0 left on base; South Bend 2 - Great Lakes 5 |
TOP OF THE 5TH |
South Bend Cubs batting - Pitching for Great Lakes Loons : RHP Pat Matera
|
Batting: RHB Taylor Garofalo
|
0-0: Ball 1-0: Foul Ball, location: 2F 1-1: Ball 2-1: Fly out, F8 (Flyball, 8LS, EV 96.2 MPH)
|
Batting: LHB Kwang-chih Men
|
0-0: Ball 1-0: Foul Ball, location: 2F 1-1: Ball 2-1: Fly out, F8 (Flyball, 8RXD, EV 107.5 MPH)
|
Batting: RHB Roy Battist
|
0-0: Called Strike 0-1: Foul Ball, location: 2F 0-2: Ball 1-2: Strikes out swinging
|
Top of the 5th over - 0 runs, 0 hits, 0 errors, 0 left on base; South Bend 2 - Great Lakes 5 |
BOTTOM OF THE 5TH |
Great Lakes Loons batting - Pitching for South Bend Cubs : RHP Velimir Sljivancanin
|
Batting: LHB Jesus Ramirez
|
0-0: Called Strike 0-1: Foul Ball, location: 2F 0-2: Ball 1-2: Ball 2-2: Foul Ball, location: 2F 2-2: SINGLE (Flyball, 3D, EV 94.4 MPH)
|
Batting: SHB Xavier Alaniz
|
0-0: Ground out 6-3 (Groundball, 4, EV 110.0 MPH) Jesus Ramirez to second
|
Batting: RHB Steve Clark
|
0-0: Called Strike 0-1: Ball 1-1: Ball 2-1: Foul Ball, location: 2F 2-2: Fly out, F9 (Flyball, 89S, EV 87.5 MPH)
|
Batting: RHB Jason Baldwin
|
0-0: Ball 1-0: Foul Ball, location: 2F 1-1: Foul Ball, location: 2F 1-2: Ball 2-2: Foul Ball, location: 2F 2-2: Ball 3-2: SINGLE (Line Drive, 78S, EV 98.1 MPH) Jesus Ramirez to third Runner from 3rd tries for Home, throw by LF and OUT! 7-2
|
Bottom of the 5th over - 0 runs, 2 hits, 0 errors, 1 left on base; South Bend 2 - Great Lakes 5 |
TOP OF THE 6TH |
South Bend Cubs batting - Pitching for Great Lakes Loons : RHP Pat Matera
|
Batting: RHB Han-seung Hah
|
0-0: Foul Ball, location: 2F 0-1: Foul Ball, location: 2F 0-2: SINGLE (Groundball, 56D, EV 98.1 MPH)
|
Batting: RHB Juan Bonilla
|
0-0: Called Strike 0-1: Foul Ball, location: 2F 0-2: Ball 1-2: Ball 2-2: Ball 3-2: Base on Balls Han-seung Hah to second
|
Batting: RHB Dylan Burke
|
0-0: Grounds into double play, 5-4-3 (Groundball, 56, EV 82.5 MPH) Han-seung Hah to third
|
Batting: RHB Ryan Bush
|
0-0: Called Strike 0-1: Ball 1-1: Called Strike 1-2: Ball 2-2: Ball 3-2: Ground out 6-3 (Groundball, 6, EV 87.5 MPH)
|
Top of the 6th over - 0 runs, 1 hit, 0 errors, 1 left on base; South Bend 2 - Great Lakes 5 |
BOTTOM OF THE 6TH |
Great Lakes Loons batting - Pitching for South Bend Cubs : RHP Velimir Sljivancanin
|
Pitching: RHP Rob Craft
|
|
Batting: RHB Ruben Serrata
|
0-0: Called Strike 0-1: Foul Ball, location: 2F 0-2: Ball 1-2: Strikes out swinging
|
Batting: RHB Trevor Conklin
|
0-0: Swinging Strike 0-1: Ball 1-1: SINGLE (Groundball, 6MD, EV 105.6 MPH)
|
Batting: LHB Cory Bowler
|
0-0: Called Strike 0-1: Ball 1-1: Called Strike 1-2: Strikes out swinging
|
Batting: LHB Nate Kee
|
0-0: Swinging Strike 0-1: SINGLE (Groundball, 15S, EV 64.4 MPH) (infield hit) Trevor Conklin to second
|
Batting: LHB Tore Bosch
|
0-0: Ball 1-0: Foul Ball, location: 2F 1-1: Foul Ball, location: 2F 1-2: Strikes out looking
|
Bottom of the 6th over - 0 runs, 2 hits, 0 errors, 2 left on base; South Bend 2 - Great Lakes 5 |
TOP OF THE 7TH |
South Bend Cubs batting - Pitching for Great Lakes Loons : RHP Pat Matera
|
Now at C: Javier Solis
|
|
Now at 3B: Trevor Conklin
|
|
Batting: RHB Hugo Torrez
|
0-0: Called Strike 0-1: Ball 1-1: Ball 2-1: Ground out 4-3 (Groundball, 4, EV 106.9 MPH)
|
Batting: RHB Andy Huntley
|
0-0: Called Strike 0-1: SINGLE (Groundball, 6S, EV 99.4 MPH)
|
Batting: RHB Taylor Garofalo
|
0-0: Ball 1-0: Foul Ball, location: 2F 1-1: SINGLE (Groundball, 15S, EV 73.1 MPH) (infield hit) Andy Huntley to second
|
Pitching: RHP Cameron Williams
|
|
Now at 3B: Jim Jardine
|
|
Now at SS: Trevor Conklin
|
|
Batting: LHB Kwang-chih Men
|
0-0: DOUBLE (Line Drive, 9LS, EV 110.6 MPH) Andy Huntley scores Taylor Garofalo to third
|
Batting: RHB Roy Battist
|
0-0: Swinging Strike 0-1: Foul Ball, location: 2F 0-2: Ball 1-2: Strikes out swinging
|
Batting: RHB Han-seung Hah
|
0-0: Called Strike 0-1: Ball 1-1: Swinging Strike 1-2: Strikes out swinging
|
Top of the 7th over - 1 run, 3 hits, 0 errors, 2 left on base; South Bend 3 - Great Lakes 5 |
BOTTOM OF THE 7TH |
Great Lakes Loons batting - Pitching for South Bend Cubs : RHP Rob Craft
|
Pitching: RHP Eric Allen
|
|
Batting: LHB Jesus Ramirez
|
0-0: Foul Ball, location: 2F 0-1: Foul Ball, location: 2F 0-2: Foul Ball, location: 2F 0-2: Ball 1-2: Ball 2-2: Foul Ball, location: 2F 2-2: Ball 3-2: Fly out, F8 (Flyball, 8RXD, EV 108.1 MPH)
|
Batting: SHB Xavier Alaniz
|
0-0: DOUBLE (Line Drive, 8RXD, EV 102.5 MPH)
|
Batting: RHB Steve Clark
|
0-0: Foul Ball, location: 2F 0-1: Ground out 5-3 (Groundball, 56, EV 83.8 MPH)
|
Batting: RHB Jason Baldwin
|
0-0: Called Strike 0-1: Called Strike 0-2: Foul Ball, location: 2F 0-2: Strikes out swinging
|
Bottom of the 7th over - 0 runs, 1 hit, 0 errors, 1 left on base; South Bend 3 - Great Lakes 5 |
TOP OF THE 8TH |
South Bend Cubs batting - Pitching for Great Lakes Loons : RHP Cameron Williams
|
Pitching: RHP Matt Hager
|
|
Now in LF: Justin Curran
|
|
Batting: RHB Juan Bonilla
|
0-0: Ball 1-0: Called Strike 1-1: SINGLE (Groundball, 34D, EV 106.2 MPH)
|
Batting: RHB Dylan Burke
|
0-0: Called Strike 0-1: Grounds into double play, 6-4-3 (Groundball, 6, EV 85.6 MPH)
|
Batting: RHB Ryan Bush
|
0-0: Called Strike 0-1: Foul Ball, location: 2F 0-2: Ball 1-2: Foul Ball, location: 2F 1-2: Strikes out swinging
|
Top of the 8th over - 0 runs, 1 hit, 0 errors, 0 left on base; South Bend 3 - Great Lakes 5 |
BOTTOM OF THE 8TH |
Great Lakes Loons batting - Pitching for South Bend Cubs : RHP Eric Allen
|
Batting: RHB Ruben Serrata
|
0-0: Ball 1-0: Called Strike 1-1: Called Strike 1-2: Ball 2-2: Foul Ball, location: 2F 2-2: Ball 3-2: Foul Ball, location: 2F 3-2: SOLO HOME RUN (Flyball, 7D, EV 93.1 MPH), Distance : 356 ft
|
Batting: RHB Trevor Conklin
|
0-0: Foul Ball, location: 2F 0-1: Ball 1-1: Called Strike 1-2: Ground out 6-3 (Groundball, 6, EV 83.8 MPH)
|
Batting: LHB Jim Jardine
|
0-0: Foul Ball, location: 2F 0-1: Swinging Strike 0-2: Foul Ball, location: 2F 0-2: Ground out 5-3 (Groundball, 56S, EV 88.1 MPH)
|
Batting: RHB Javier Solis
|
0-0: Called Strike 0-1: Ball 1-1: Foul Ball, location: 2F 1-2: Strikes out swinging
|
Bottom of the 8th over - 1 run, 1 hit, 0 errors, 0 left on base; South Bend 3 - Great Lakes 6 |
TOP OF THE 9TH |
South Bend Cubs batting - Pitching for Great Lakes Loons : RHP Matt Hager
|
Pitching: RHP Adonis Loyd
|
|
Batting: RHB Hugo Torrez
|
0-0: Called Strike 0-1: Foul Ball, location: 2F 0-2: Foul Ball, location: 2F 0-2: Ball 1-2: SINGLE (Groundball, 34D, EV 108.8 MPH)
|
Batting: RHB Andy Huntley
|
0-0: SINGLE (Line Drive, 8RS, EV 92.5 MPH) Hugo Torrez to second
|
Batting: RHB Taylor Garofalo
|
0-0: Foul Ball, location: 2F 0-1: Fly out, F4 (Popup, 4, EV 69.4 MPH)
|
Batting: LHB Kwang-chih Men
|
0-0: Ball 1-0: Foul Ball, location: 2F 1-1: Swinging Strike 1-2: Fielders Choice at 2nd, 6-4 (Groundball, 6M, EV 87.5 MPH) Hugo Torrez to third
|
Batting: RHB Roy Battist
|
0-0: Called Strike 0-1: Ball 1-1: Fielders Choice at 2nd, U4 (Groundball, 4M, EV 101.9 MPH)
|
Top of the 9th over - 0 runs, 2 hits, 0 errors, 2 left on base; South Bend 3 - Great Lakes 6 |
|